 Dungeon Crawl Stone Soup version 0.19.1-1-g22dce08 (webtiles) character file.

344619 unrecovered the Impaler (level 22, -1/178 HPs)
             Began as a Merfolk Fighter on Jan 3, 2017.
             Was a High Priest of the Shining One.
             Killed from afar by a spark wasp (23 damage)
             ... with a living lightning
             ... on level 2 of the Depths.
             The game lasted 04:16:36 (52689 turns).

unrecovered the Impaler (Merfolk Fighter)          Turns: 52689, Time: 04:16:36

Health: -1/178     AC: 22    Str: 25      XL:     22   Next: 8%
Magic:  30/37      EV: 26    Int: 12 (15) God:    the Shining One [*****.]
Gold:   2483       SH: 28    Dex: 17      Spells: 5 memorised, 23 levels left

rFire  + . .     SeeInvis .     a - +9 trishula (holy)
rCold  + . .     Gourm    .     W - +4 ring mail of Summer {rC+ Dex+2}
rNeg   + + .     Faith    .     K - +1 shield {rPois}
rPois  +         Spirit   .     g - +2 helmet {Int+3}
rElec  .         Reflect  .     S - +2 cloak {MR+}
rCorr  .         Harm     .     l - +1 pair of gloves (curse)
MR     ++...     NoTele   +     V - +1 pair of boots
Stlth  +.........               e - amulet of regeneration
                                Q - ring of protection from fire
                                D - ring of Life {rPois AC+2 Int+5}

@: divine shield, cannot translocate, very slightly contaminated, hasted,
glowing, very quick
A: change form in water, swift swim, stealthy swim, deterioration 1
a: Divine Shield, Cleansing Flame, Summon Divine Warrior, Renounce Religion
}: 2/15 runes: decaying, serpentine


You were on level 2 of the Depths.
You worshipped the Shining One.
The Shining One was extremely pleased with you.
You were very hungry.

You visited 9 branches of the dungeon, and saw 41 of its levels.
You visited the Abyss 1 time.
You also visited: Sewer.

You collected 4613 gold pieces.
You spent 2130 gold pieces at shops.

Inventory:

Hand Weapons
 a - a +9 trishula of holy wrath (weapon)
 c - the +10 trident "Wimmi" {flame, MR- Str+8}
   (You found it on level 4 of the Abyss)

   It has been specially enchanted to burn those struck by it, causing extra
   injury to most foes and up to half again as much damage against particularly
   susceptible opponents.
   It affects your strength (+8).
   It affects your resistance to hostile enchantments.
 d - a +2 spear of distortion
Armour
 g - a +2 helmet of intelligence (worn)
 l - a cursed +1 pair of gloves (worn)
 H - a +2 large shield of cold resistance
 K - a +1 shield of poison resistance (worn)
 S - a +2 cloak of magic resistance (worn)
 V - a +1 pair of boots (worn)
 W - the +4 ring mail of Summer (worn) {rC+ Dex+2}
   (You bought it in a shop on level 13 of the Dungeon)

   It affects your dexterity (+2).
   It protects you from cold.
Jewellery
 e - an amulet of regeneration (around neck)
 o - an uncursed ring of protection from magic
 D - the ring of Life (left hand) {rPois AC+2 Int+5}
   (You took it off a deep elf death mage on level 3 of the Elven Halls)

   [ring of protection]

   It affects your AC (+2).
   It affects your intelligence (+5).
   It protects you from poison.
 Q - a ring of protection from fire (right hand)
Wands
 k - a wand of digging (9/24)
 x - a wand of lightning (7/15)
 y - a wand of disintegration (4/24)
 R - a wand of iceblast (9/15)
Scrolls
 b - 3 scrolls of fear
 n - 11 scrolls of amnesia
 s - a scroll of blinking
 u - 9 scrolls of fog
 v - 7 scrolls of recharging
 z - 4 scrolls of magic mapping
 B - a scroll of brand weapon
 C - 7 scrolls of teleportation
 F - 4 scrolls of enchant armour
 G - 11 scrolls of identify
 I - a scroll of silence
 M - 2 scrolls of enchant weapon
 N - 10 scrolls of remove curse
 O - 2 scrolls of summoning
Potions
 i - 2 potions of magic
 j - 4 potions of resistance
 r - a potion of brilliance
 t - 9 potions of curing
 A - 10 potions of flight
 J - 4 potions of ambrosia
 T - 4 potions of cure mutation
 U - 7 potions of haste
 X - a potion of might
 Y - 6 potions of agility
 Z - 2 potions of berserk rage
Miscellaneous
 E - a phantom mirror
Comestibles
 f - 14 bread rations
 m - 15 meat rations
 p - 26 fruits
 w - 3 beef jerkies


   Skills:
 + Level 16.2 Fighting
 - Level 20.0 Polearms
 + Level 2.5 Armour
 - Level 20.0 Dodging
 + Level 15.0 Shields
 - Level 11.2 Spellcasting
 - Level 12.1 Hexes
 - Level 7.9 Charms
 - Level 11.3 Air Magic
 - Level 12.1 Invocations


You had 23 spell levels left.
You knew the following spells:

 Your Spells              Type           Power        Failure   Level  Hunger
a - Silence               Hex/Air        ####......   3%          5    #####..
b - Deflect Missiles      Chrm/Air       ####......   58%         6    ######.
c - Yara's Violent Unrav  Hex/Tmut       ###.......   41%         5    #####..
d - Slow                  Hex            #####...     1%          2    None
e - Blink                 Tloc           N/A          28%         2    None


Dungeon Overview and Level Annotations

Branches:
Dungeon (15/15)            Temple (1/1) D:5            Lair (6/6) D:10
  Swamp (4/4) Lair:3        Snake (4/4) Lair:2        Slime (0/5) Lair:5
    Orc (2/2) D:12            Elf (3/3) Orc:2        Vaults (4/5) D:14
  Crypt (0/3) Vaults:3     Depths (2/5) D:15

Altars:
Ashenzari
Cheibriados
Dithmenos
Elyvilon
Fedhas
Gozag
Hepliaklqana
Kikubaaqudgha
Makhleb
Nemelex Xobeh
Okawaru
Qazlal
Ru
Sif Muna
Trog
Uskayaw
Vehumet
Xom
Yredelemnul
Zin
The Shining One
Beogh

Shops:
D:4 =   D:6 [   D:9 [:   D:12 *[=[   D:13 *[   Orc:2 [[=[   Elf:1 :   Elf:2 ?
Elf:3 ?   Snake:1 %:%*   Snake:3 (   Depths:1 *[

Portals:
Hell: Depths:1
Pandemonium: Depths:1
Trove: D:11 (give +2 gold dragon scales)

Annotations:
Depths:2 the Enchantress
Abyss:1 Aizul, Donald, Frederick, Jorgrun, Lernaean hydra, Roxanne


Innate Abilities, Weirdness & Mutations

You revert to your normal form in water.
You are very nimble and swift while swimming.
You are very stealthy in the water. (Stealth+)
Your body sometimes deteriorates upon taking damage.


Message History

You hear a bellow!
The spriggan zaps a wand.
You hear a grinding noise.
You hear a bellow!
The spriggan zaps a wand.
Some rock shatters into small pieces.
The hell knight gestures wildly while chanting.
The hell knight casts a spell.
You block the spriggan defender's attack.
A spark wasp comes into view.
You feel less vulnerable to hostile enchantments.
The spark wasp buzzes angrily.
You hear a bellow!
The spark wasp bursts into living lightning!
The living lightning misses you.
The spark wasp blinks!
A spark wasp comes into view.
You see here 2 arrows.
The spark wasp buzzes angrily.
The spark wasp bursts into living lightning!
The living lightning hits you!
You die...

##'###'##.#i.## #.#........#
#........##.#p## #.###'#........
'.#####.+.....p####.###.#..≈≈≈≈..
#.# #.##..............'..≈##≈..
#.# # #.#####.#..###.#..≈# ≈..
#.# #. ##..y....#..≈≈ . #..
##+#######i##.###..... ###
#........(.# #......<@..#
#.......(..# #.......(..#
#......(...'. #...§......#+# ###
#..............
#.####....y....≈≈≈≈≈
####....'.........≈####
.....####.........≈#


You could see a spriggan defender and 2 spark wasps.

Vanquished Creatures
  A bone dragon (Abyss:4)
  A deep elf master archer (Elf:3)
  A Hell Sentinel (Abyss:4)
  2 thorn hunters
  2 tengu reavers (Depths:1)
  A fire giant (Vaults:4)
  4 nagarajas
  Louise (Swamp:2)
  A vault warden (Vaults:1)
  4 stone giants
  3 deep elf elementalists
  A spriggan defender (Depths:2)
  An entropy weaver (Vaults:4)
  2 ironheart preservers (Vaults:4)
  6 very ugly things
  Nessos (Lair:5)
  A deep elf annihilator (Elf:3)
  5 deep elf death magi
  A merfolk impaler (Depths:1)
  A merfolk javelineer (Depths:1)
  2 yaktaur captains
  3 deep elf high priests (Elf:3)
  Josephine (Snake:1)
  6 rakshasas
  14 hydras
  5 great orbs of eyes
  3 naga warriors
  9 anacondas
  20 dancing weapons
  3 alligators
  2 death knights
  9 ogre magi
  9 centaur warriors
  A deep troll shaman (Vaults:4)
  4 naga sharpshooters
  5 tengu warriors
  A vampire mage (Depths:2)
  A deep troll earth mage (D:15)
  A shock serpent (shapeshifter) (Vaults:3)
  Urug (D:14)
  9 shock serpents
  15 deep elf knights
  A shadow wraith (Vaults:1)
  A shadow demon (Depths:1)
  2 unseen horrors
  2 unseen horrors (shapeshifter)
  A spriggan druid (Swamp:4)
  11 deep elf archers
  8 swamp dragons
  4 deep trolls
  5 naga ritualists
  A glowing orange brain (Depths:2)
  A flayed ghost (D:15)
  5 ironbrand convokers (Vaults:1)
  10 hill giants
  A wizard (Vaults:3)
  6 orc knights
  A shambling mangrove (Swamp:2)
  6 mana vipers
  5 harpies
  A necromancer (Vaults:3)
  A wolf spider zombie (D:15)
  3 orc sorcerers
  33 ugly things
  3 wolf spiders
  38 deep elf magi
  2 salamanders
  9 cyclopes
  2 manticores
  A centaur zombie (D:15)
  14 guardian serpents
  Maurice (D:10)
  22 black mambas
  6 vault sentinels
  16 naga magi
  An eye of devastation (shapeshifter) (Vaults:1)
  17 spiny frogs
  A gargoyle (D:15)
  4 komodo dragons
  A yaktaur (shapeshifter) (Depths:2)
  A rime drake (Lair:3)
  3 freezing wraiths
  An efreet (D:15)
  15 yaktaurs
  4 kobold demonologists
  A tengu conjurer (Depths:2)
  A meliai (D:15)
  The ghost of unrecovered the Ruffian, an amateur DrTm of Makhleb (D:3)
  A harpy zombie (D:14)
  A polar bear (Lair:1)
  6 trolls
  A merfolk (shapeshifter) (Depths:2)
  14 two-headed ogres
  A wind drake (shapeshifter) (Vaults:3)
  13 hornets
  A raiju (shapeshifter) (D:15)
  5 tyrant leeches
  5 two-headed ogres (shapeshifter)
  A blink frog (shapeshifter) (Vaults:3)
  7 bog bodies
  6 dream sheep
  8 hippogriffs
  11 blink frogs
  18 slime creatures
  3 redbacks
  8 spriggans
  A tarantella (Vaults:2)
  3 air elementals
  3 vampires
  7 wraiths
  28 yaks
  A spriggan (shapeshifter) (Vaults:2)
  A tarantella (shapeshifter) (Depths:1)
  3 water elementals
  3 shadows
  2 ynoxinuls
  3 fire elementals
  8 wyverns
  6 basilisks
  A chaos spawn (Depths:1)
  A steam dragon (D:11)
  A hungry ghost (D:13)
  21 vampire mosquitoes
  Grum (D:10)
  18 swamp worms
  10 wargs
  50 nagas
  A spatial vortex (Abyss:4)
  7 insubstantial wisps
  3 mottled dragons
  2 soldier ants
  21 water moccasins
  Duvessa (D:7)
  A hornet zombie (D:10)
  10 porcupines
  12 swamp drakes
  A black bear (D:8)
  29 orc warriors
  5 sky beasts
  A swamp drake (shapeshifter) (D:15)
  An ice beast (D:6)
  A black bear (shapeshifter) (Vaults:1)
  An eye of draining (shapeshifter) (Vaults:3)
  2 eyes of draining
  43 ogres
  3 boggarts
  14 wolves
  13 centaurs
  11 crocodiles
  2 gnoll sergeants
  24 bullfrogs
  2 big kobolds
  An earth elemental (Elf:3)
  Dowan (D:7)
  An ogre simulacrum (Vaults:1)
  A wyvern zombie (D:14)
  8 scorpions
  10 wights
  2 howler monkeys
  3 electric eels
  8 crimson imps
  3 centaur skeletons
  13 orc priests
  6 jellies
  A gnoll shaman (D:8)
  6 hounds
  3 iguanas
  A bullfrog skeleton (D:13)
  15 orc wizards
  Jessica (D:7)
  Terence (D:2)
  9 worker ants
  A small abomination (Abyss:4)
  2 centaur simulacra
  A hound skeleton (D:11)
  A howler monkey zombie (D:10)
  20 gnolls
  16 adders
  A howler monkey skeleton (D:10)
  2 river rats (Lair:6)
  4 shadow imps
  2 white imps (D:11)
  2 ufetubi (D:11)
  2 oozes
  2 adder skeletons
  3 worms
  A dart slug (D:1)
  7 leopard geckos
  80 orcs
  7 bats
  6 giant cockroaches
  9 goblins
  6 hobgoblins
  13 jackals
  3 quokkas
  3 ball pythons
  2 frilled lizards
  A jackal skeleton (D:8)
  19 kobolds
  A leopard gecko skeleton (D:6)
  15 rats
  6 briar patches
  A crawling corpse (Elf:3)
  A fungus (Lair:6)
  2 plants
1267 creatures vanquished.

Vanquished Creatures (collateral kills)
  A fire giant (Depths:1)
  A deep elf sorcerer (Elf:3)
  2 deep elf elementalists (Elf:3)
  A vault warden (Vaults:1)
  An ironheart preserver (Vaults:3)
  A very ugly thing (Depths:1)
  2 deep elf demonologists (Elf:3)
  2 deep elf annihilators (Elf:3)
  4 deep elf death magi (Elf:3)
  A fire dragon (Vaults:3)
  2 yaktaur captains
  A merfolk impaler (Depths:1)
  2 deep elf high priests (Elf:3)
  An ogre mage (Vaults:4)
  A rakshasa (Vaults:1)
  An ice dragon (Vaults:3)
  A centaur warrior (Depths:2)
  2 dancing weapons (Elf:2)
  A shock serpent (Snake:4)
  3 deep elf knights
  A shadow wraith (Vaults:3)
  2 small abominations (Elf:3)
  3 ironbrand convokers
  7 deep elf magi
  2 yaktaurs
  A freezing wraith (Vaults:3)
  A hornet (Vaults:3)
  2 two-headed ogres (Vaults:3)
  A slime creature (Vaults:1)
  A yak (shapeshifter) (Vaults:1)
  2 nagas (Snake:4)
  3 ogres
57 creatures vanquished.

Vanquished Creatures (others)
  A deep elf blademaster (Elf:3)
  A thorn hunter (Swamp:4)
  4 nagarajas
  2 deep elf sorcerers (Elf:3)
  A vault warden (Vaults:3)
  A frost giant (Vaults:3)
  An orc warlord (D:12)
  2 ironheart preservers (Vaults:2)
  A stone giant (Vaults:2)
  2 very ugly things
  An entropy weaver (Vaults:2)
  3 deep elf demonologists
  The ghost of Inchmeat the Spear-Bearer, a journeyman DsNe of Okawaru (Lair:4)
  The ghost of Tang the Spear-Bearer, a journeyman MfIE of Hepliaklqana (Orc:2)
  An ettin (D:15)
  2 deep elf death magi
  2 yaktaur captains
  10 naga warriors
  The ghost of Gukra the Reanimator, a journeyman DDNe of Makhleb (Lair:4)
  2 ogre magi
  8 hydras
  3 ice dragons
  A vault guard (Vaults:3)
  6 centaur warriors
  5 alligators
  A death knight (Vaults:3)
  5 anacondas
  The ghost of paradoxae the Skirmisher, a novice NaFi (D:8)
  7 dancing weapons
  3 deep troll shamans
  4 death yaks
  2 tengu warriors
  8 naga sharpshooters
  3 shock serpents (Snake:3)
  3 deep elf knights
  The ghost of paradoxae the Spear-Bearer, a novice MfFi (D:6)
  3 deep trolls
  A skeletal warrior (Vaults:3)
  2 shambling mangroves
  2 spriggan druids (Swamp:4)
  The ghost of Owly the Slinger, a novice HaHu of Dithmenos (D:7)
  A naga ritualist (Snake:4)
  2 swamp dragons
  3 hill giants
  3 orc knights
  4 deep elf archers
  2 wolf spiders
  14 deep elf magi
  14 ugly things
  4 mana vipers
  An orc sorcerer (Vaults:1)
  An oklob plant (D:10)
  An elephant (Lair:5)
  4 cyclopes
  A salamander (Snake:3)
  13 black mambas
  2 vault sentinels
  6 spiny frogs
  3 rust devils
  4 guardian serpents
  6 naga magi
  A kobold demonologist (D:10)
  A centaur skeleton (D:15)
  A komodo dragon (D:14)
  10 yaktaurs
  7 trolls
  A polar bear (D:11)
  A hornet (Lair:6)
  4 two-headed ogres
  2 bog bodies (Swamp:2)
  A hippogriff (shapeshifter) (Vaults:4)
  21 slime creatures
  5 dream sheep
  A hippogriff (D:10)
  A redback (Lair:6)
  A shadow (Swamp:2)
  A spriggan (Swamp:3)
  An air elemental (Elf:1)
  2 wyverns
  7 yaks
  A water elemental (Depths:1)
  A hungry ghost (D:8)
  A vampire mosquito (Swamp:4)
  A mottled dragon (Vaults:2)
  7 swamp worms
  An insubstantial wisp (Swamp:1)
  6 nagas
  2 water moccasins
  3 swamp drakes
  4 ice beasts
  7 orc warriors
  3 sky beasts
  A boggart (Vaults:2)
  4 wolves
  A boggart (shapeshifter) (Depths:1)
  6 ogres
  2 centaurs (Vaults:1)
  A necrophage (D:11)
  2 crocodiles
  A big kobold (D:10)
  3 bullfrogs
  An earth elemental (Elf:2)
  A wight (D:15)
  2 crimson imps (D:15)
  2 orc wizards
  3 worker ants
  A gnoll (D:11)
  An adder (D:6)
  5 orcs
  A rat (D:5)
  5 briar patches
  10 fungi
  15 plants
  9 toadstools (Swamp:3)
382 creatures vanquished.

Grand Total: 1706 creatures vanquished

Notes
Turn   | Place    | Note
-------+----------+-------------------------------------------
     0 | D:1      | unrecovered the Merfolk Fighter began the quest for the Orb.
     0 | D:1      | Reached XP level 1. HP: 18/18 MP: 1/1
    61 | D:1      | Reached skill level 1 in Dodging
   130 | D:1      | Reached XP level 2. HP: 18/24 MP: 2/2
   778 | D:2      | Reached XP level 3. HP: 21/29 MP: 3/3
   970 | D:2      | Found a blossoming altar of Fedhas.
  1084 | D:2      | Noticed Terence
  1093 | D:2      | Killed Terence
  1093 | D:2      | Reached XP level 4. HP: 26/35 MP: 4/4
  1322 | D:2      | Found a snail-covered altar of Cheibriados.
  1674 | D:3      | Found a glowing silver altar of Zin.
  1754 | D:2      | Reached skill level 5 in Polearms
  1755 | D:2      | Reached XP level 5. HP: 33/41 MP: 5/5
  1828 | D:3      | Noticed unrecovered's ghost (amateur DrTm)
  2179 | D:3      | Noticed a hand axe
  2180 | D:3      | Noticed a dagger
  2183 | D:3      | Found a hide-covered altar of Uskayaw.
  2484 | D:3      | Killed unrecovered's ghost
  2484 | D:3      | Reached XP level 6. HP: 38/47 MP: 6/6
  3019 | D:4      | Reached skill level 5 in Shields
  3063 | D:4      | Found a faded altar of an unknown god.
  3063 | D:4      | Found a faded altar of an unknown god.
  3068 | D:4      | Found a faded altar of an unknown god.
  3070 | D:4      | Found a hazy altar of Hepliaklqana.
  3071 | D:4      | Found a faded altar of an unknown god.
  3090 | D:4      | Found a blossoming altar of Fedhas.
  3343 | D:4      | Reached XP level 7. HP: 52/52 MP: 7/7
  3483 | D:4      | Found a burning altar of Makhleb.
  3529 | D:4      | Found a white marble altar of Elyvilon.
  3744 | D:4      | Reached skill level 5 in Dodging
  3753 | D:4      | Found Boaclyni's Jewellery Shop.
  3905 | D:5      | Entered Level 5 of the Dungeon
  3976 | D:5      | Found a staircase to the Ecumenical Temple.
  3981 | Temple   | Entered the Ecumenical Temple
  4091 | Temple   | Became a worshipper of the Shining One
  4334 | D:5      | Found a shimmering altar of Xom.
  4342 | D:5      | Found a shimmering altar of Xom.
  4342 | D:5      | Found a shattered altar of Ashenzari.
  4344 | D:5      | Found a bloodstained altar of Trog.
  4344 | D:5      | Found a hazy altar of Hepliaklqana.
  4344 | D:5      | Found a hide-covered altar of Uskayaw.
  4426 | D:5      | Found a glowing drain.
  4441 | Sewer    | Entered a sewer
  4573 | Sewer    | Found a glowing silver altar of Zin.
  5066 | D:5      | Noticed a rust devil
  5066 | D:5      | Noticed a rust devil
  5482 | D:6      | Banished a rust devil
  5482 | D:6      | Reached XP level 8. HP: 53/58 MP: 8/8
  5561 | D:6      | Noticed paradoxae's ghost (novice MfFi)
  5574 | D:6      | Banished paradoxae's ghost
  5574 | D:6      | Reached XP level 9. HP: 42/64 MP: 9/9
  5839 | D:6      | Banished a rust devil
  5839 | D:6      | Reached skill level 10 in Polearms
  5935 | D:6      | Found a shattered altar of Ashenzari.
  5979 | D:6      | Reached * piety under the Shining One
  6086 | D:6      | Found Xiup's Antique Armour Boutique.
  6107 | D:6      | Found a radiant altar of Vehumet.
  6534 | D:7      | Noticed Dowan
  6536 | D:7      | Noticed Duvessa
  6543 | D:7      | Killed Duvessa
  6562 | D:7      | Killed Dowan
  6891 | D:7      | Noticed Owly's ghost (novice HaHu)
  6900 | D:7      | Banished Owly's ghost
  6900 | D:7      | Reached skill level 10 in Dodging
  7128 | D:7      | Noticed Jessica
  7135 | D:7      | Killed Jessica
  7139 | D:7      | Found a deep blue altar of Sif Muna.
  7297 | D:8      | Reached XP level 10. HP: 70/70 MP: 10/10
  7346 | D:8      | Found a basalt altar of Yredelemnul.
  7386 | D:8      | Noticed paradoxae's ghost (novice NaFi)
  7421 | D:8      | Banished paradoxae's ghost
  7434 | D:8      | Reached ** piety under the Shining One
  8010 | D:9      | Found Ecraih's Book Shoppe.
  8013 | D:9      | Found Eqaa's Armour Shoppe.
  8103 | D:9      | Found a white marble altar of Elyvilon.
  8205 | D:9      | Found a glowing golden altar of the Shining One.
  8468 | D:10     | Entered Level 10 of the Dungeon
  8603 | D:10     | Found a staircase to the Lair.
  8608 | D:10     | Noticed an oklob plant
  8611 | D:10     | Banished an oklob plant
  8640 | D:10     | Reached *** piety under the Shining One
  8691 | D:10     | Noticed Maurice
  8692 | D:10     | Noticed a kobold demonologist
  8696 | D:10     | Noticed a sun demon
  8698 | D:10     | Noticed a kobold demonologist
  8713 | D:10     | Killed a kobold demonologist
  8713 | D:10     | Reached skill level 5 in Fighting
  8721 | D:10     | Killed a kobold demonologist
  8721 | D:10     | Reached XP level 11. HP: 80/80 MP: 11/11
  8755 | D:10     | Gained mutation: Your magical capacity is low. (-10% MP) [a neqoxec]
  8882 | D:10     | Noticed Grum
  8892 | D:10     | Killed Grum
  8903 | D:10     | Reached skill level 10 in Shields
  8925 | D:10     | Found a runed door.
  8926 | D:10     | Gained mutation: You are surrounded by a mild repulsion field. (EV +2) [potion of mutation]
  8926 | D:10     | Gained mutation: Scrolls take you a little longer to read. [potion of mutation]
  8927 | D:10     | Gained mutation: You occasionally shout uncontrollably at your foes. [potion of mutation]
  8927 | D:10     | Gained mutation: You tend to lose your temper in combat. [potion of mutation]
  8928 | D:10     | Lost mutation: You are surrounded by a mild repulsion field. (EV +2) [potion of cure mutation]
  8928 | D:10     | Lost mutation: Scrolls take you a little longer to read. [potion of cure mutation]
  8928 | D:10     | Lost mutation: You occasionally shout uncontrollably at your foes. [potion of cure mutation]
  8928 | D:10     | Lost mutation: You tend to lose your temper in combat. [potion of cure mutation]
  8931 | D:10     | Noticed a hill giant
  8995 | D:10     | Got a twisted robe
  9012 | D:10     | Identified the +1 robe of Happy Babbling {Slay+3} (You found it on level 10 of the Dungeon)
  9093 | D:10     | Killed Maurice
  9203 | D:11     | Noticed a cyclops
  9203 | D:11     | Reached **** piety under the Shining One
  9214 | D:11     | Banished a cyclops
  9578 | D:11     | Found a shimmering altar of Xom.
  9584 | D:11     | Noticed a hill giant
  9592 | D:11     | Killed a hill giant
  9604 | D:11     | Noticed a hill giant
  9615 | D:11     | Banished a hill giant
  9654 | D:11     | Noticed a cyclops
  9661 | D:11     | Killed a cyclops
  9670 | D:11     | Learned a level 5 spell: Silence
  9697 | D:11     | Noticed a seven-headed hydra
  9723 | D:11     | Killed a seven-headed hydra
  9723 | D:11     | Reached XP level 12. HP: 35/91 MP: 10/10
  9724 | D:11     | Noticed a soul eater
  9980 | D:11     | Reached ***** piety under the Shining One
 10127 | D:11     | Found a portal to a secret trove of treasure.
 10260 | D:12     | Found Lafezara's Jewellery Shoppe.
 10327 | D:12     | Found Kofeuc Sill's Antique Armour Emporium.
 10333 | D:12     | Bought a shiny helmet for 304 gold pieces
 10424 | D:12     | Found a staircase to the Orcish Mines.
 10441 | D:12     | Found a roughly hewn altar of Beogh.
 10616 | D:12     | Found Mabeiwu's Assorted Antiques.
 10624 | D:12     | Bought a potion of agility for 104 gold pieces
 10624 | D:12     | Bought a scroll of identify for 52 gold pieces
 10624 | D:12     | Bought a scroll of identify for 52 gold pieces
 10624 | D:12     | Bought a scroll of identify for 52 gold pieces
 10678 | D:12     | Found Zofifer's Antique Armour Emporium.
 11046 | Lair:1   | Entered Level 1 of the Lair of Beasts
 11431 | Lair:1   | Found a frozen archway.
 12132 | Lair:1   | Reached skill level 15 in Polearms
 12268 | Lair:2   | Found a staircase to the Snake Pit.
 13429 | Lair:3   | Found a staircase to the Swamp.
 13595 | Lair:3   | Noticed a six-headed hydra
 13601 | Lair:3   | Killed a six-headed hydra
 13601 | Lair:3   | Reached XP level 13. HP: 101/101 MP: 11/11
 13739 | Lair:4   | Noticed Inchmeat's ghost (journeyman DsNe)
 13761 | Lair:4   | Noticed Gukra's ghost (journeyman DDNe)
 14048 | Lair:4   | Banished Gukra's ghost
 14048 | Lair:4   | Reached skill level 10 in Fighting
 14425 | Lair:4   | Banished Inchmeat's ghost
 14506 | Lair:4   | Reached skill level 15 in Dodging
 14712 | Lair:5   | Found a staircase to the Slime Pits.
 14883 | Lair:5   | Noticed Nessos
 14921 | Lair:5   | Killed Nessos
 14971 | Lair:5   | Found a glowing golden altar of the Shining One.
 15498 | Lair:6   | Entered Level 6 of the Lair of Beasts
 15520 | Lair:6   | Gained mutation: You are frail. (-10% HP) [potion of mutation]
 15520 | Lair:6   | Gained mutation: You have a pair of small horns on your head. [potion of mutation]
 15521 | Lair:6   | Lost mutation: You are frail. (-10% HP) [potion of cure mutation]
 15521 | Lair:6   | Lost mutation: Your magical capacity is low. (-10% MP) [potion of cure mutation]
 15521 | Lair:6   | Lost mutation: You have a pair of small horns on your head. [potion of cure mutation]
 16527 | Lair:6   | Reached XP level 14. HP: 84/111 MP: 9/14
 17632 | Orc:1    | Entered Level 1 of the Orcish Mines
 17648 | Orc:1    | Noticed an orc warlord
 17703 | D:12     | Banished an orc warlord
 17950 | Orc:1    | Reached ****** piety under the Shining One
 18028 | Orc:2    | Entered Level 2 of the Orcish Mines
 18052 | Orc:2    | Found a roughly hewn altar of Beogh.
 18086 | Orc:2    | Noticed Donald
 18179 | Orc:2    | Banished Donald
 18673 | Orc:2    | Found Vuigun's Jewellery Shoppe.
 18676 | Orc:2    | Found Cetz's Armour Emporium.
 18705 | Orc:2    | Found Riluseh's Armour Shop.
 18714 | Orc:2    | Found Puicouwn's Armour Shoppe.
 19056 | Orc:2    | Noticed Tang's ghost (journeyman MfIE)
 19178 | Orc:2    | Banished Tang's ghost
 19196 | Orc:2    | Found a staircase to the Elven Halls.
 19973 | Orc:1    | Reached XP level 15. HP: 112/120 MP: 15/15
 20223 | Lair:6   | Got a dazzling ring mail
 20234 | Lair:6   | Identified the cursed +1 ring mail of Orthodoxy {rElec rF++ rN+} (You found it on level 6 of the Lair of Beasts)
 20280 | Lair:6   | Identified a +1 rod of clouds (14/14) (You found it on level 6 of the Lair of Beasts)
 20375 | Swamp:1  | Entered Level 1 of the Swamp
 20376 | Swamp:1  | Noticed a thorn hunter
 20397 | Swamp:1  | Killed a thorn hunter
 20884 | Swamp:1  | Got a jewelled scale mail
 20895 | Swamp:1  | Identified the +5 scale mail "Uqe Alun" {Int+2} (You found it on level 1 of the Swamp)
 20981 | Swamp:1  | Learned a level 6 spell: Deflect Missiles
 21693 | Swamp:2  | Noticed Jorgrun
 21766 | Swamp:2  | Banished Jorgrun
 21771 | Swamp:2  | Noticed Aizul
 22267 | Swamp:2  | Banished Aizul
 22412 | Swamp:2  | Noticed Louise
 22439 | Swamp:2  | Killed Louise
 22842 | Swamp:3  | Noticed a thorn hunter
 23717 | Swamp:3  | Banished a thorn hunter
 23816 | Swamp:4  | Entered Level 4 of the Swamp
 23927 | Swamp:4  | Reached XP level 16. HP: 131/131 MP: 16/16
 23967 | Swamp:4  | Noticed a thorn hunter
 23987 | Swamp:4  | Noticed the 27-headed Lernaean hydra
 23997 | Swamp:4  | Banished the 27-headed Lernaean hydra
 24372 | Swamp:4  | Noticed a thorn hunter
 24460 | Swamp:4  | Killed a thorn hunter
 24460 | Swamp:4  | Reached skill level 15 in Shields
 24573 | Swamp:4  | Reached skill level 1 in Invocations
 24796 | Swamp:4  | Banished a thorn hunter
 24849 | Swamp:4  | Got a decaying rune of Zot
 25089 | Snake:1  | Entered Level 1 of the Snake Pit
 25105 | Snake:1  | Noticed Roxanne
 25195 | Snake:1  | Banished Roxanne
 25203 | Snake:1  | Got a smoking chain mail
 25214 | Snake:1  | Identified the +8 chain mail "Murabriri" {rElec rC- MR+ rCorr} (You found it on level 1 of the Snake Pit)
 25448 | D:4      | Bought an uncursed ring of poison resistance for 260 gold pieces
 25760 | Snake:1  | Noticed Josephine
 25818 | Snake:1  | Killed Josephine
 25858 | Snake:1  | Found Vydis's Food Shop.
 25879 | Snake:1  | Found Pueb's Food Shop.
 25879 | Snake:1  | Found Minyhuc's Book Shop.
 25880 | Snake:1  | Found Laxzeth's Assorted Antiques.
 25891 | Snake:1  | Bought a potion of haste for 320 gold pieces
 25891 | Snake:1  | Bought a scroll of enchant weapon for 240 gold pieces
 25891 | Snake:1  | Bought a potion of agility for 128 gold pieces
 25891 | Snake:1  | Bought a potion of berserk rage for 160 gold pieces
 26080 | Snake:1  | Reached skill level 1 in Spellcasting
 26447 | Snake:2  | Noticed a nagaraja
 26559 | Snake:2  | Reached skill level 5 in Invocations
 26743 | Snake:2  | Killed a nagaraja
 27610 | Snake:2  | Reached XP level 17. HP: 122/140 MP: 21/21
 29471 | Snake:3  | Found Wete's Weapon Boutique.
 29873 | Snake:4  | Entered Level 4 of the Snake Pit
 31238 | Snake:4  | Reached skill level 15 in Fighting
 32745 | Snake:4  | Reached skill level 5 in Spellcasting
 32745 | Snake:4  | Reached skill level 10 in Invocations
 32817 | Snake:4  | Reached XP level 18. HP: 68/149 MP: 14/25
 33883 | Snake:4  | Got a serpentine rune of Zot
 34292 | D:13     | Found Zentuec's Antique Armour Boutique.
 34325 | D:13     | Bought a heavily runed leather armour for 189 gold pieces
 34325 | D:13     | Bought a distressingly furry ring mail for 243 gold pieces
 34335 | D:13     | Identified the cursed +1 leather armour "Seschanupy" {Dex+4} (You bought it in a shop on level 13 of the Dungeon)
 34347 | D:13     | Identified the +4 ring mail of Summer {rC+ Dex+2} (You bought it in a shop on level 13 of the Dungeon)
 34381 | D:13     | Found Exof Loo's Blood Bar.
 34991 | D:14     | Reached skill level 1 in Hexes
 35204 | D:14     | Noticed Urug
 35384 | D:14     | Found a gate to the Vaults.
 35579 | D:14     | Killed Urug
 36230 | D:15     | Entered Level 15 of the Dungeon
 36374 | D:15     | Found a deep blue altar of Sif Muna.
 36374 | D:15     | Found a hazy altar of Hepliaklqana.
 36375 | D:15     | Found a blossoming altar of Fedhas.
 36689 | D:15     | Identified a scroll of acquirement
 37397 | D:15     | Found a staircase to the Depths.
 37417 | D:15     | Reached skill level 1 in Air Magic
 37656 | D:15     | Got a shimmering emerald amulet
 37660 | D:15     | Identified the amulet of Incredulity {Faith Stlth+} (You found it on level 15 of the Dungeon)
 37667 | D:15     | Got a distressingly furry hat
 37674 | D:15     | Learned a level 5 spell: Yara's Violent Unravelling
 37677 | D:15     | Learned a level 2 spell: Slow
 37684 | D:15     | Learned a level 2 spell: Blink
 37841 | D:15     | Reached XP level 19. HP: 157/157 MP: 29/29
 38005 | D:15     | Identified the +0 hat "Zophieh" {Int+3} (You acquired it on level 15 of the Dungeon)
 38103 | Vaults:1 | Entered Level 1 of the Vaults
 38459 | Vaults:1 | Reached skill level 5 in Hexes
 40208 | Vaults:1 | Reached skill level 5 in Air Magic
 40670 | Vaults:2 | Noticed Frederick
 40699 | Vaults:2 | Banished Frederick
 42288 | Vaults:3 | Found a staircase to the Crypt.
 42561 | Vaults:3 | Reached XP level 20. HP: 28/164 MP: 24/32
 44687 | Vaults:4 | Reached skill level 10 in Hexes
 45869 | Elf:1    | Entered Level 1 of the Elven Halls
 46250 | Elf:1    | Found Zyuheku's Book Boutique.
 47237 | Elf:2    | Found Viastroy's Magic Scroll Shoppe.
 47248 | Elf:2    | Bought a scroll of identify for 26 gold pieces
 47330 | Elf:2    | Reached skill level 10 in Spellcasting
 47716 | Elf:2    | Found a runed gate.
 47716 | Elf:2    | Found a runed gate.
 47716 | Elf:2    | Found a runed gate.
 48142 | Elf:2    | Reached XP level 21. HP: 144/171 MP: 26/35
 48159 | Elf:2    | Got a polished leather armour
 48170 | Elf:2    | Identified the +1 leather armour "Ipeokeuc" {rPois MP+9 Str+3 Dex-3} (You took it off a deep elf death mage on level 2 of the Elven Halls)
 48663 | Elf:3    | Entered Level 3 of the Elven Halls
 48689 | Elf:3    | Found Poluh's Magic Scroll Shop.
 49148 | Elf:3    | Reached skill level 1 in Charms
 49290 | Elf:3    | Reached skill level 10 in Air Magic
 49310 | Elf:3    | Gained mutation: Your body sometimes deteriorates upon taking damage. [a cacodemon]
 49439 | Elf:3    | Got a heavily runed pewter ring
 49525 | Elf:3    | Got a jewelled shield
 49547 | Elf:3    | Identified the +1 shield of Paranoia {-Cast rPois rN+} (You found it on level 3 of the Elven Halls)
 49559 | Elf:3    | Identified the ring of Life {rPois AC+2 Int+5} (You took it off a deep elf death mage on level 3 of the Elven Halls)
 49692 | Elf:3    | Got a sparkling iron ring
 49706 | Elf:3    | Identified the ring of Starshine {Fire rElec MR- Int+8 Stlth+} (You took it off a deep elf death mage on level 3 of the Elven Halls)
 50062 | Depths:1 | Entered Level 1 of the Depths
 50388 | Depths:1 | Reached skill level 5 in Charms
 50687 | Depths:1 | Found a gateway to Hell.
 50741 | Depths:1 | Found Refeko's Assorted Antiques.
 50799 | Depths:1 | Found Epteful's Armour Shoppe.
 51062 | Depths:1 | Got a steaming morningstar
 51078 | Depths:1 | Identified the +6 morningstar "Feparum" {flame, *Contam rElec rF+ rN+} (You found it on level 1 of the Depths)
 51322 | Depths:1 | Found a one-way gate leading to the halls of Pandemonium.
 51760 | Depths:2 | Identified a trishula of holy wrath {god gift} (a demon trident of venom blessed by the Shining One)
 51760 | Depths:2 | Received a gift from the Shining One
 52093 | Depths:2 | Cast into level 4 of the Abyss (a distortion unwield)
 52171 | Abyss:4  | Noticed a bone dragon
 52193 | Abyss:4  | Killed a bone dragon
 52359 | Abyss:4  | Found a corrupted altar of Lugonu.
 52369 | Abyss:4  | Reached XP level 22. HP: 142/142 MP: 37/37
 52404 | Abyss:4  | Got a transparent trident
 52406 | Abyss:4  | Got a transparent chain mail
 52423 | Depths:2 | Escaped the Abyss
 52509 | Depths:2 | Identified the +5 chain mail "Jekhloenk" {rF- Str+2 Int+7 Stlth+} (You found it on level 4 of the Abyss)
 52524 | Depths:2 | Identified the +10 trident "Wimmi" {flame, MR- Str+8} (You found it on level 4 of the Abyss)
 52632 | Depths:2 | Noticed the Enchantress
 52667 | Depths:2 | HP: 3/178 [the Enchantress/rapier of speed (18)]
 52689 | Depths:2 | Killed from afar by a spark wasp

Skill      XL: |  1  2  3  4  5  6  7  8  9 10 11 12 13 14 15 16 17 18 19 20 21 |
---------------+----------------------------------------------------------------+-----
Dodging        | 1 2 4 6 8 10 11 13 14 15 17 18 19 20 | 20.0
Polearms       | 4 5 6 8 9 11 13 14 15 16 18 19 20 | 20.0
Shields        | 4 5 6 7 8 9 10 11 12 13 14 15 | 15.0
Fighting       | 5 7 9 10 12 13 14 15 16 | 16.2
Invocations    | 6 10 12 | 12.1
Spellcasting   | 2 5 7 8 10 11 | 11.2
Hexes          | 4 8 11 12 | 12.1
Air Magic      | 1 6 9 11 | 11.3
Charms         | 7 |  7.9
Armour         | |  2.5

Action                   |  1- 3 |  4- 6 |  7- 9 | 10-12 | 13-15 | 16-18 | 19-21 | 22-24 || total
-------------------------+-------+-------+-------+-------+-------+-------+-------+-------++-------
Melee: Trident           |    95 |    83 |       |       |       |       |       |       ||   178
       Spear             |       |    60 |   269 |   837 |  1894 |  2959 |  3511 |       ||  9530
       Tailslap          |       |       |       |     6 |    51 |    43 |     4 |       ||   104
       Trishula          |       |       |       |       |       |       |    63 |    64 ||   127
 Cast: Silence           |       |       |       |       |       |       |    21 |       ||    21
Invok: Divine Shield     |       |       |       |     1 |     2 |     2 |     5 |     1 ||    11
       Summon Divine War |       |       |       |       |       |     1 |    18 |     1 ||    20
       Cleansing Flame   |       |       |       |       |       |       |     1 |       ||     1
       Brand Weapon With |       |       |       |       |       |       |     1 |       ||     1
Evoke: Wand              |       |       |       |       |     3 |    17 |     3 |       ||    23
  Use: Scroll            |       |    10 |     3 |    20 |    14 |     8 |    16 |     1 ||    72
       Potion            |       |     1 |       |     5 |     8 |     8 |     4 |     4 ||    30
 Stab: Distracted        |       |       |       |       |       |     1 |       |       ||     1
  Eat: Chunk             |     1 |     2 |     8 |    13 |    21 |    13 |    54 |       ||   112
       Bread ration      |       |     1 |       |       |     1 |     4 |       |       ||     6
       Pizza             |       |       |     2 |     1 |       |     1 |     1 |       ||     5
       Meat ration       |       |       |     1 |       |       |     1 |       |       ||     2
       Beef jerky        |       |       |       |     2 |     2 |     2 |     4 |       ||    10
       Royal jelly       |       |       |       |       |     2 |       |       |       ||     2
       Fruit             |       |       |       |       |     1 |     6 |       |       ||     7
Armor: Scale mail        |    30 |    46 |    35 |       |       |       |       |       ||   111
       Chain mail        |       |       |     9 |    35 |   175 |   294 |       |       ||   513
       Robe              |       |       |       |    16 |    10 |       |       |       ||    26
       Skin              |       |       |       |       |     1 |       |       |       ||     1
       Ring mail         |       |       |       |       |       |    54 |   223 |    19 ||   296
Dodge: Dodged            |    13 |    33 |    52 |   153 |   461 |   838 |   960 |    36 ||  2546
Block: Shield            |    35 |    65 |    57 |   166 |   490 |  1051 |  1120 |    44 ||  3028
